Map: Acid Plant LE

Players

IIIIIIIIIIII

  • Race: Terran Terran
  • League: Master
  • Spawn Location: 11:00

NORTHAMERICA - Winner!

  • Race: Protoss Protoss
  • League: Grandmaster
  • Spawn Location: 5:00

VOD

Have the link to the VOD?

Description

Time

  • Played on: Sept. 14, 2018, 6:46 a.m.
  • Length: 9:18
Show
View Real Time Build Order
Export as new Build Order

IIIIIIIIIIII Terran 

Build Orders: 1/1/1 

Get SALT Encoding   

  12  0:00  SCV  
  13  0:13  SCV  
  14  0:17  Supply Depot  
  14  0:25  SCV  
  15  0:29  Refinery  
  15  0:38  SCV  
  16  0:45  Barracks  
  16  0:51  SCV  
  17  0:57  Supply Depot  
  17  1:03  SCV  
  18  1:15  SCV  
  19  1:27  SCV  
  19  1:28  Refinery  
  19  1:32  Marine  
  21  1:37  Factory  
  21  1:44  Orbital Command  
  21  1:54  Marine  
  22  2:10  SCV  
  22  2:12  Marine  
  24  2:20  Factory Tech Lab  
  24  2:22  SCV, Starport  
  25  2:29  Supply Depot  
  25  2:31  Marine  
  25  2:34  SCV  
  27  2:38  Siege Tank  
  30  2:48  SCV  
  31  2:57  Barracks Reactor  
  31  3:04  Command Center  
  31  3:18  Raven  
  33  3:21  Supply Depot  
  33  3:39  Hellion x2  
  37  3:45  Barracks Reactor  
  37  3:46  Supply Depot  
  37  3:52  SCV  
  38  4:00  Hellion  
  38  4:01  Hellion  
  42  4:14  SCV  
  43  4:21  Orbital Command  
  43  4:22  Hellion x2  
  47  4:29  Viking x2  
  51  4:38  Refinery  
  51  4:44  Orbital Command  
  51  4:45  Hellion x2  
  55  4:51  Marauder  
  57  4:59  Medivac x2  
  61  5:06  Hellion  
  63  5:11  Hellion  
  65  5:14  Marauder  
  65  5:17  Supply Depot  
  65  5:21  Concussive Shells  
  67  5:27  Hellion  
  69  5:30  Medivac  
  69  5:32  Hellion  
  69  5:33  Medivac  
  75  5:40  Supply Depot  
  75  5:45  Armory  
  75  5:48  Marauder  
  77  5:54  Hellion  
  79  5:57  Hellion  
  81  6:06  Viking  
  81  6:10  Marauder  
  85  6:16  Hellion  
  87  6:22  Hellion  
  89  6:30  Viking  
  91  6:36  Marauder  
  93  7:02  Hellion  
  93  7:03  Viking  
  93  7:04  Marine, Hellion  
  84  7:22  Marine  
  84  7:24  Hellion  
  84  7:25  Hellion  
  84  7:26  Viking  
  82  7:40  Marine  
  83  7:45  Hellion  
  69  7:54  Hellion  
  69  7:58  Marine  
  58  8:07  Hellion  
  58  8:08  Viking  
  58  8:09  Viking  
  61  8:15  Hellion  
  61  8:16  Marine  
  55  8:28  Hellion  
  59  8:34  Marauder  
  59  8:37  Hellion  
  53  8:49  Hellion  
  53  8:55  Marine  
Show
View Real Time Build Order
Export as new Build Order

NORTHAMERICA Protoss - Winner!

Build Orders:  

Get SALT Encoding   

  12  0:01  Probe  
  13  0:13  Probe  
  14  0:20  Pylon  
  14  0:25  Probe  
  15  0:35  Probe  
  15  0:39  Gateway  
  16  0:43  Probe  
  16  0:49  Assimilator  
  17  0:52  Probe  
  18  1:04  Probe  
  19  1:16  Probe  
  20  1:28  Probe, Assimilator  
  20  1:30  Cybernetics Core  
  21  1:34  Pylon  
  21  1:40  Probe  
  22  1:48  Zealot  
  22  1:52  Probe  
  25  1:58  Pylon  
  25  2:04  Probe  
  25  2:07  Warp Gate  
  26  2:09  Stalker  
  28  2:17  Probe  
  28  2:21  Robotics Facility  
  29  2:31  Probe  
  30  2:39  Stalker  
  32  2:50  Shield Battery  
  32  3:06  Observer  
  32  3:10  Nexus  
  32  3:17  Probe  
  33  3:23  Observer  
  33  3:25  Gateway  
  34  3:29  Probe  
  35  3:41  Probe  
  36  3:53  Probe  
  37  3:57  Pylon  
  37  4:05  Gateway  
  37  4:09  Immortal  
  37  4:11  Probe  
  38  4:17  Robotics Bay  
  38  4:21  Sentry  
  38  4:23  Probe  
  45  4:24  Probe  
  46  4:33  Sentry, Probe  
  46  4:35  Probe  
  50  4:41  Probe  
  51  4:47  Probe  
  51  4:51  Probe  
  51  4:53  Pylon  
  51  4:55  Disruptor  
  51  4:56  Adept  
  51  4:58  Adept  
  51  4:59  Probe  
  57  5:03  Probe  
  61  5:11  Adept, Probe  
  64  5:15  Probe  
  64  5:19  Assimilator  
  65  5:23  Disruptor, Probe, Assimilator  
  65  5:27  Probe  
  65  5:28  Pylon  
  70  5:46  Probe x2  
  70  5:47  Forge  
  70  5:49  Stalker  
  74  5:57  Twilight Council  
  74  5:58  Probe x2  
  76  6:10  Probe x2  
  78  6:18  Pylon  
  77  6:22  Probe, Pylon  
  77  6:25  Disruptor, Nexus  
  78  6:31  Pylon  
  78  6:34  Blink  
  78  6:36  Protoss Ground Weapons Level 1, Probe x2  
  83  6:45  Stalker  
  85  6:48  Probe x2  
  87  6:56  Stalker x2  
  87  7:00  Disruptor, Probe  
  78  7:10  Stalker  
  75  7:22  Stalker x2  
  74  7:27  Disruptor  
  74  7:34  Stalker  
  74  7:50  Adept x2  
  71  8:08  Stalker  
  71  8:16  Stalker x2  
  69  8:27  Probe  
  66  8:28  Probe  
  67  8:35  Probe  
  67  8:36  Stalker  
  67  8:37  Pylon  
  67  8:39  Probe  
  71  8:43  Gateway  
  71  8:44  Gateway  
Tags
 
Add a new tag
Caveats
  • Supply blocks, unpowered buildings, or Contaminate may cause inaccurate times.
  • Supply counts are checked every 10 seconds.